 Dungeon Crawl Stone Soup version 0.31-a0-7-g51783674b7 (webtiles) character file.

Game seed: 6781816429302119132

46 zero the Digger (level 3, -1/20 HPs)
             Began as a Gargoyle Earth Elementalist on May 5, 2023.
             Was an Initiate of Vehumet.
             Slain by an iguana (10 damage)
             ... on level 2 of the Dungeon.
             The game lasted 00:02:11 (1932 turns).

zero the Digger (Gargoyle Earth Elementalist)       Turns: 1932, Time: 00:02:12

Health: -1/20      AC:  6    Str: 11    XL:     3   Next: 66%
Magic:  4/6        EV: 11    Int: 17    God:    Vehumet [......]
Gold:   86         SH:  0    Dex: 10    Spells: 3/7 levels left

rFire   . . .        h - +1 sling
rCold   . . .        (no shield)
rNeg    + . .        a - +1 robe
rPois   ∞            (no helmet)
rElec   +            (no cloak)
rCorr   .            (no gloves)
SInv    .            (no boots)
Will    .....        (no amulet)
Stlth   ++           (no ring)
HPRegen 0.23/turn    (no ring)
MPRegen 0.10/turn

%: no passive effects
@: no status effects
A: sickness immunity, AC +3, negative energy resistance 1, electricity
resistance, torment resistance 1, petrification resistance
a: Renounce Religion


You were on level 2 of the Dungeon.
You worshipped Vehumet.
Vehumet was noncommittal.
You visited 1 branch of the dungeon, and saw 3 of its levels.

You collected 86 gold pieces.

Inventory:

Hand Weapons
 h - a +1 sling (weapon)
 k - a +2 spear of pain
Armour
 a - a +1 robe (worn)
Jewellery
 i - a ring of ice
Scrolls
 d - a scroll of identify
 f - a scroll of teleportation
Potions
 b - 2 potions of magic
 c - 2 potions of haste
 e - a potion of degeneration {unknown}
 g - a potion of resistance {unknown}
 j - a potion of invisibility


   Skills:
 + Level 0.7 Fighting
 + Level 0.6 Ranged Weapons
 - Level 1.5 Dodging
 + Level 2.4 Stealth
 + Level 2.6 Spellcasting
 + Level 0.4 Conjurations
 - Level 0.7 Transmutations
 + Level 4.3 Earth Magic


You had 3 spell levels left.
You knew the following spells:

 Your Spells              Type           Power      Damage    Failure   Level
a - Sandblast             Erth           32%        2d9       3%          1
b - Stone Arrow           Conj/Erth      20%        3d8       21%         3

Your spell library contained the following spells:

 Spells                   Type           Power      Damage    Failure   Level
 Passwall                 Tmut/Erth      8%         N/A       10%         2
 Petrify                  Tmut/Erth      10%        N/A       54%         4


Dungeon Overview and Level Annotations

Branches:
Dungeon (3/15)

Altars:
Vehumet


Innate Abilities, Weirdness & Mutations

You are immune to sickness and miasma.
Your stone body is resilient. (AC +3)
You are immune to poison.
You resist negative energy. (rN+)
You are resistant to electric shocks. (rElec)
You are resistant to unholy torment.
You are immune to petrification.


Message History

(D) Dungeon
Where to? (Enter - D:2, ? - help)
There is a stone staircase leading down here.
You climb downwards.
Found a scroll of teleportation and 6 gold pieces.
Found a stone staircase leading down.
There is a stone staircase leading up here.
f - a scroll of teleportation You now have 86 gold pieces (gained 6).
Found a stone staircase leading up.
A steam dragon comes into view.
You shoot a sling bullet.
The sling bullet barely misses the steam dragon.
An iguana comes into view.
The steam dragon breathes steam at you. The ball of steam misses you.
You hear a shout!
You are engulfed in a cloud of scalding steam.
The iguana barely misses you.
There is a stone staircase leading up here.
You are engulfed in a cloud of scalding steam.
The iguana bites you.
You climb upwards.
There is a stone staircase leading down here.
Casting: Sandblast (safe; 3% risk of failure)
Confirm with . or Enter, or press ? or * to list all spells.
Aiming: Sandblast (safe; 3% risk of failure)
Press: ? - help, Shift-Dir - straight line, f - iguana
Aim: an iguana (84% to hit)
The blast of sand hits the iguana but does no damage.
The iguana barely misses you.
Casting: Sandblast (safe; 3% risk of failure)
Confirm with . or Enter, or press ? or * to list all spells.
Aiming: Sandblast (safe; 3% risk of failure)
Press: ? - help, Shift-Dir - straight line, f/p - iguana
Aim: an iguana (84% to hit)
The blast of sand hits the iguana but does no damage.
The iguana bites you!
Ouch! That really hurt!
You die...

######.....##.# #.#
........♣.....# #.#
#######...###.# #.# #.##...#
#.##########.# ##.##.<.#
#............# #..##...#
############.# #.###...#####...#
#.# #.....♣.....#.#l# #.# ######
####.....##...#@## #.# #.....
#.##...##.......# ###.#####.....
###.###.######.#..# #.........._..
#..^..#.## #.#..###.#.####......
#.....#..#####..........###.......
#...........##....###.............
#.....##.......).........)....###.
#..............##.###..###.#.## #.
#.###.#####.#####.###..# #.#.# #.


You could see an iguana.

Vanquished Creatures
  An adder (D:2)
  2 dart slugs
  2 bats (D:1)
  3 endoplasms
  2 giant cockroaches (D:1)
  4 hobgoblins
  4 quokkas
  5 ball pythons
  5 frilled lizards
  A goblin (D:1)
  A kobold (D:2)
  2 rats (D:2)
32 creatures vanquished.

Notes
Turn   | Place    | Note
-------+----------+-------------------------------------------
     0 | D:1      | zero the Gargoyle Earth Elementalist began the quest for
                  | the Orb.
     0 | D:1      | Reached XP level 1. HP: 10/10 MP: 3/3
   244 | D:1      | Reached XP level 2. HP: 6/15 MP: 0/5
   256 | D:1      | Reached skill level 4 in Earth Magic
   638 | D:1      | Found a faded altar of an unknown god.
   770 | D:1      | Reached XP level 3. HP: 20/20 MP: 4/6
   774 | D:1      | Learned a level 3 spell: Stone Arrow
  1355 | D:2      | Found a radiant altar of Vehumet.
  1501 | D:2      | Became a worshipper of Vehumet
  1922 | D:3      | Noticed a steam dragon
  1932 | D:2      | Slain by an iguana

Illustrated notes

Levels and vault maps discovered:
D:1:      lightli_arrival_flooded_house, layout_loops_ring,
          shapermc_ecumenical_altar_mp_highgroup
D:2:      layout_loops_ring, basic_altar, grunt_ministairs_15
D:3:      layout_basic, mainiacjoe_overflow_tiny_flanked

Skill      XL: |  1  2 |
---------------+-------+-----
Earth Magic    | 4 |  4.3
Fighting       | |  0.7
Ranged Weapons | |  0.6
Dodging        | |  1.5
Stealth        | |  2.4
Spellcasting   | |  2.6
Conjurations   | |  0.4
Transmutations | |  0.7

Action                     || total
---------------------------++-------
  Melee: Unarmed           ||     3
   Fire: Sling             ||    42
   Cast: Sandblast         ||    35
    Use: Scroll            ||     7
 Armour: Robe              ||    11
  Dodge: Dodged            ||    26

Table legend: (Time is in decaauts)
 A = Elapsed time spent in this place.
 B = Non-inter-level travel time spent in this place.
 C = Inter-level travel time spent in this place.
 D = Time resting spent in this place.
 E = Time spent auto-exploring this place.
 F = Levels seen in this place.
 G = Mean time per level.
                   A        B        C        D        E       F      G
               +--------+--------+--------+--------+--------+-----+--------+
         Total |   1966 |   1881 |     85 |    187 |   1427 |   3 |  655.3 |
       Dungeon |   1966 |   1881 |     85 |    187 |   1427 |   3 |  655.3 |
               +--------+--------+--------+--------+--------+-----+--------+

Top non-repeatable levels by time:
     D:1: 1096 daAuts
     D:2: 834 daAuts
     D:3: 35 daAuts
